[Event "81st Italian Championship 2022"]
[Site "Cagliari"]
[Date "2022.11.18"]
[Round "6.1"]
[White "Barp, Alberto"]
[Black "Di Benedetto, Edoardo"]
[Result "1-0"]
[ECO "E71"]
[WhiteElo "2412"]
[BlackElo "2378"]
[Annotator "TA"]
[PlyCount "87"]
[EventDate "2022.11.12"]
[EventType "tourn"]
[EventCountry "ITA"]
[SourceTitle "playchess.com"]
[Source "ChessBase"]
[SourceQuality "1"]
[TimeControl "40/6000+30:20/3000:900+30"]

1. d4 Nf6 2. c4 g6 3. Nc3 Bg7 4. e4 d6 5. h3 O-O 6. Be3 e5 7. d5 Ne8 8. g4 {[%emt 0:00:44] White is more active. E71: King's Indian: 4 e4 d6 5 h3.} f5 (8... Na6 $142) 9. gxf5 $16 gxf5 10. exf5 {[%emt 0:00:12] White is better.} Bxf5 11. Nge2 $1 Qh4 12. Ng3 Bg6 13. Bd3 (13. Qg4 $16 Qxg4 14. hxg4) 13... Bh6 $14 14. Rg1 $1 Bxe3 15. fxe3 Ng7 (15... Bxd3 $14 16. Qxd3 Nd7) 16. Bxg6 $16 hxg6 {[%emt 0:00:08] [#]} 17. Qc2 $146 ({Predecessor:} 17. Qg4 Qxg4 18. hxg4 Nd7 19. Nge4 Kf7 20. Ke2 Ke7 21. Rh1 Rh8 22. Nb5 a6 23. Nxc7 {1-0 (38) Aleksandrov,A (2592)-Mahindrakar,I (2066) Chennai 2020}) 17... Qh6 18. O-O-O Qxe3+ (18... Nd7 $16) 19. Kb1 $18 Qh6 20. Rg2 {[%emt 0:10:50][%mdl 1024] White has strong compensation.} Nd7 21. Rdg1 $1 Rf7 {[%emt 0:03:14] [#]} (21... Kh8 $16 {was called for.}) 22. Nge4 $1 Nf8 23. Ng5 Rf5 24. Ne6 (24. c5 $18 {has better winning chances.}) 24... Nfxe6 (24... Qxh3 $142 25. Nxc7 Rd8) 25. dxe6 $16 (25. Rxg6 $6 Qxh3 26. R6g3 Nd4 27. Rxh3 Nxc2 $11) 25... Qxh3 (25... g5 $16) 26. a3 $18 (26. Rxg6 Rf1+ 27. Nd1 Rxg1 28. Rxg1 Re8 $11) (26. Nd5 Nxe6 27. Rxg6+ Kf7 $16) 26... Re8 27. Rxg6 Rf1+ 28. Ka2 {[%emt 0:00:03] The board is on fire.} Rxg1 29. Rxg1 Rxe6 30. Qe4 $2 $40 {[%emt 0:00:07][%mdl 128] White mounts an attack.} (30. Qf2 $18) 30... c6 $11 {[%emt 0:00:30] Inhibits Nd5.} 31. Rh1 Qf5 32. Qh4 {[%emt 0:00:02] Hoping for Ne4.} Qf4 {[%emt 0:00:57] White must now prevent ...Qxh4.} (32... Kf7 33. Rh2 (33. Qd8 Qd3 $11) 33... Ke8 34. Ne4) 33. Qh7+ Kf8 {[%emt 0:00:34] [#]} (33... Kf7 $1 $11 {remains equal.}) 34. Ne4 $1 $16 (34. Rg1 Qh6 35. Qd3 (35. Rf1+ Ke7 $17) 35... Ne8 $11) 34... Re7 $2 (34... Qf5 $16) 35. Nxd6 (35. Qh8+ $142 Kf7 36. Rg1 Qf6 37. Nxf6 Kxf6 38. Qh6+ Kf7 39. Rxg7+ Ke8 40. Qh8+ Kd7 41. Qh3+ Kc7 42. Rxe7+ Kb6 43. b4 a5 44. Qd7 axb4 45. axb4 c5 46. Qxb7#) 35... Re6 36. Qh8+ Ke7 37. c5 Qf8 38. Nc8+ $2 (38. Qh4+ $18 Kd7 39. Qg4 (39. Nxb7 Nf5 $16)) 38... Ke8 39. Nd6+ $2 ({Of course not} 39. Nxa7 Qxh8 40. Rxh8+ Kf7 $17) (39. Qh3 $14 Qxc5 40. Rd1) 39... Ke7 $18 40. Qh7 {[%emt 0:00:45] Intending Rg1 and mate.} Kd8 41. Rd1 {[%emt 0:06:31] Threatens to win with Nf5+.} Rxd6 42. Rxd6+ Kc7 43. Qg6 {[%emt 0:03:04] Against Qf7+} Kb8 44. Rd7 {[%emt 0:06:10] Inhibits Qe7.  Weighted Error Value: White=0.68/Black=0.73} 1-0

[Event "81st Italian Championship 2022"]
[Site "Cagliari"]
[Date "2022.11.18"]
[Round "6.2"]
[White "Dvirnyy, Danyyil"]
[Black "Sonis, Francesco"]
[Result "1-0"]
[ECO "C92"]
[WhiteElo "2514"]
[BlackElo "2547"]
[Annotator "TA"]
[PlyCount "81"]
[EventDate "2022.11.12"]
[EventType "tourn"]
[EventCountry "ITA"]
[SourceTitle "playchess.com"]
[Source "ChessBase"]
[SourceQuality "1"]
[TimeControl "40/6000+30:20/3000:900+30"]

1. e4 e5 2. Nf3 Nc6 3. Bb5 a6 4. Ba4 Nf6 5. O-O Be7 6. Re1 b5 7. Bb3 d6 8. c3 O-O 9. h3 Bb7 10. d4 Re8 11. a3 {[%emt 0:05:12] C92: Closed Ruy Lopez: 9...Be6, Karpov and Flohr-Zaitsev Variations.} Bf8 12. d5 Na5 13. Ba2 {[%emt 0:00:11] The position is equal.} c6 14. dxc6 Bxc6 15. Bg5 h6 16. Bxf6 Qxf6 17. Nfd2 {[%emt 0:00:27] [#]} d5 $146 ({Predecessor:} 17... Rec8 18. c4 Nb7 19. Re3 Be8 20. Nc3 Nc5 21. Nd5 Qd8 22. Rc1 Ne6 23. Rec3 Rcb8 24. cxb5 Rxb5 {½-½ (41) Janisch,M (2438)-Schulz,G (2438) ICCF email 2020}) 18. exd5 Bd7 19. Qh5 Bf5 (19... Bc5 $2 20. Ne4 Bxf2+ 21. Nxf2 $18) 20. Ne4 Bxe4 {[%emt 0:08:04][%mdl 64] [#] Remove Defender} 21. Rxe4 Bc5 22. Qh4 Qxh4 23. Rxh4 Be7 (23... Nb7 $14) 24. Re4 $16 Nb7 25. Nd2 ({Much weaker is} 25. Rxe5 $6 Bg5 26. Rxe8+ Rxe8 $11) 25... Bg5 26. Nf3 Bf4 27. g3 Nd6 28. Re2 ({Of course not} 28. gxf4 $6 Nxe4 29. fxe5 Ng5 30. Nxg5 hxg5 $11) 28... e4 29. Nd4 $36 {[%emt 0:01:57][%mdl 2048] White is on the roll.} Bg5 30. Rae1 Bf6 ({Black should play} 30... f5 31. f3 Bf6) 31. Nc6 Bd8 32. Kg2 Bb6 33. Bb1 f5 34. f3 e3 35. f4 g6 36. Bd3 Kg7 37. Kf3 Kf6 38. Nd4 Bxd4 (38... Nc4 $142) 39. cxd4 $18 Ra7 40. Rc1 ({Don't do} 40. Rxe3 $6 Rxe3+ 41. Rxe3 Re7 $18) 40... Rc8 41. Rc5 {[%emt 0:52:41] Weighted Error Value: White=0.02 (flawless) /Black=0.14 (very precise)} 1-0

[Event "81st Italian Championship 2022"]
[Site "Cagliari"]
[Date "2022.11.18"]
[Round "6.3"]
[White "Lodici, Lorenzo"]
[Black "David, Alberto"]
[Result "1/2-1/2"]
[ECO "E27"]
[WhiteElo "2536"]
[BlackElo "2517"]
[Annotator "TA"]
[PlyCount "46"]
[EventDate "2022.11.12"]
[EventType "tourn"]
[EventCountry "ITA"]
[SourceTitle "playchess.com"]
[Source "ChessBase"]
[SourceQuality "1"]
[TimeControl "40/6000+30:20/3000:900+30"]

1. d4 Nf6 2. c4 e6 3. Nc3 Bb4 4. f3 O-O 5. a3 Bxc3+ 6. bxc3 Ne8 7. e4 {[%emt 0:00:08] E27: Nimzo-Indian: Sämisch: 5...0-0 6 f3.} c5 {[%emt 0:01:57] [#]} 8. dxc5 $146 (8. f4 $142) ({Predecessor:} 8. Bd3 b6 9. f4 f5 10. Nf3 Nc6 11. O-O Ba6 12. d5 Na5 13. e5 d6 14. Ng5 Nc7 15. dxe6 dxe5 16. fxe5 {1-0 (51) Bluebaum,M (2642)-Fedorovsky,M (2498) Germany 2017}) 8... Qa5 $11 9. Be3 Na6 $1 (9... Qxc3+ 10. Kf2 $14 (10. Bd2 Qe5 $11)) 10. Qd4 {[%emt 0:03:00] [#]} (10. a4 $11 {remains equal.}) 10... Nxc5 $1 $17 11. Rb1 {[%emt 0:01:23] Inhibits Nb3.} b6 12. h4 ({White should play} 12. Ne2 $15) 12... Ba6 13. h5 Rc8 14. h6 {[%emt 0:00:38] Threatens to win with hxg7.} e5 (14... g6 $142 15. Be2 Rc6) 15. Qd2 ({Don't go for} 15. Qxe5 $2 {[#]} Nd3+ $1 16. Bxd3 Qxe5 $19) 15... g6 ({Don't play} 15... Qxa3 16. Bxc5 Qxc5 17. hxg7 (17. Ra1 Bxc4 18. hxg7 Nxg7 $14) 17... Nxg7 18. Qh6 $14) 16. Nh3 Qxa3 17. Be2 Ne6 {[%emt 0:03:45] Pair of Knights!} 18. O-O {[%emt 0:10:51] Ra1 is the strong threat.} Bxc4 19. Ra1 Qd6 {[%emt 0:00:06] Strongly threatening ...Qxd2.} (19... Qb3 $2 20. Rfb1 Qxb1+ 21. Rxb1 $18) 20. Bxc4 Qxd2 21. Bxd2 {[%emt 0:00:04] And now Bxe6 would win.} Rxc4 22. Rxa7 N8c7 23. Ng5 d6 {[%emt 0:06:11] Weighted Error Value: White=0.14 (very precise) /Black=0.11 (very precise)} 1/2-1/2

[Event "81st Italian Championship 2022"]
[Site "Cagliari"]
[Date "2022.11.18"]
[Round "6.4"]
[White "Moroni, Luca Jr"]
[Black "Basso, Pier Luigi"]
[Result "1/2-1/2"]
[ECO "C50"]
[WhiteElo "2559"]
[BlackElo "2503"]
[Annotator "TA"]
[PlyCount "40"]
[EventDate "2022.11.12"]
[EventType "tourn"]
[EventCountry "ITA"]
[SourceTitle "playchess.com"]
[Source "ChessBase"]
[SourceQuality "1"]
[TimeControl "40/6000+30:20/3000:900+30"]

1. e4 e5 2. Nf3 Nc6 3. Bc4 Bc5 4. d3 Nf6 5. Nc3 h6 6. O-O O-O 7. h3 a6 8. a3 d6 9. Be3 Bxe3 10. fxe3 Be6 11. Bxe6 fxe6 {[%emt 1:41:35] [#]} {Predecessor:} 12. Qe1 $146 {C50: Hungarian Defence and Giuoco Pianissimo.} Qe8 13. Qg3 Qh5 14. Nh2 Rf7 15. Rf3 Raf8 16. Raf1 Nh7 17. Ng4 Kh8 18. Ne2 Ng5 19. Rxf7 Rxf7 20. Rxf7 Qxf7 {½-½ (51) Mamedov,R (2654)-Tari,A (2630) chess24.com INT 2020} 1/2-1/2

[Event "81st Italian Championship 2022"]
[Site "Cagliari"]
[Date "2022.11.18"]
[Round "6.5"]
[White "Lettieri, Giuseppe"]
[Black "Brunello, Sabino"]
[Result "0-1"]
[ECO "A37"]
[WhiteElo "2427"]
[BlackElo "2518"]
[Annotator "TA"]
[PlyCount "62"]
[EventDate "2022.11.12"]
[EventType "tourn"]
[EventCountry "ITA"]
[SourceTitle "playchess.com"]
[Source "ChessBase"]
[SourceQuality "1"]
[TimeControl "40/6000+30:20/3000:900+30"]

1. Nf3 c5 2. g3 Nc6 3. Bg2 g6 4. O-O Bg7 5. c4 e6 6. Nc3 Nge7 7. d3 h6 {[%emt 0:12:10] A37: Symmetrical English vs ...g6: 4 Bg2 Bg7 5 Nf3.} 8. Bd2 {[%emt 0:06:51] [#]} b6 $146 ({Predecessor:} 8... d5 9. cxd5 exd5 10. e3 Be6 11. Qe2 Qd7 12. Rfd1 O-O 13. Rac1 Rac8 14. b3 b6 15. e4 {½-½ (26) Burschowsky,M-Kuntner,J Goetzis 1995}) 9. a3 Bb7 {[%emt 0:04:16] The position is equal.} 10. b4 d6 11. Rb1 Qd7 12. Qc1 Rc8 13. e4 g5 14. b5 Ne5 15. Ne1 (15. Nxe5 $14 dxe5 16. a4 (16. Qc2 f5 $11)) 15... d5 $15 16. cxd5 exd5 17. f4 gxf4 18. gxf4 (18. Bxf4 $11 {was the only way to keep the balance.} N5g6 19. Nxd5) 18... Ng4 {[%emt 0:00:37] Black is more active.} (18... N5g6 $1 $17 {[%cal Rg6h4] White must now prevent ...Nh4.} 19. e5 Nh4) 19. e5 $1 Rg8 20. h3 Nxe5 21. fxe5 Bxe5 {[%emt 0:00:25] Threatens to win with ...Qxh3.} 22. Bf4 Bxc3 23. Qxc3 d4 $36 {[%emt 0:00:05][%mdl 2048] White is under pressure.} 24. Qd2 (24. Qc4 $11) 24... Qxh3 $1 $17 25. Qe2 {[%emt 0:03:57] [#]} (25. Rf2 $17 {might work better.}) 25... Kd7 $1 $19 {[%emt 0:02:10] The board is on fire.} 26. Rf2 {[%emt 0:03:13] [#]} (26. Bh2 {was necessary.} Bxg2 27. Nxg2 Rxg2+ 28. Qxg2) 26... f6 $1 {[%emt 0:08:15][%cal Bf7f6,Bf6f5][%mdl 32] Hoping for ...Rce8.} ({Don't do} 26... Nf5 27. Qe5 $16) 27. Kf1 $2 (27. Rb2 Nf5 28. Qf1) 27... Bxg2+ {[%emt 0:02:35][%mdl 64] Remove Defender. Black is clearly winning.} 28. Rxg2 Qh1+ 29. Kf2 Rxg2+ 30. Nxg2 Qxb1 31. Qg4+ f5 {[%emt 0:00:10] Weighted Error Value: White=0.56/Black=0.14 (very precise)} 0-1

[Event "81st Italian Championship 2022"]
[Site "Cagliari"]
[Date "2022.11.18"]
[Round "6.6"]
[White "Carnicelli, Valerio"]
[Black "Godena, Michele"]
[Result "1/2-1/2"]
[ECO "C45"]
[WhiteElo "2325"]
[BlackElo "2463"]
[Annotator "TA"]
[PlyCount "33"]
[EventDate "2022.11.12"]
[EventType "tourn"]
[EventCountry "ITA"]
[SourceTitle "playchess.com"]
[Source "ChessBase"]
[SourceQuality "1"]
[TimeControl "40/6000+30:20/3000:900+30"]

1. e4 e5 2. Nf3 Nc6 3. d4 exd4 4. Nxd4 Nf6 5. Nxc6 bxc6 6. Nd2 d5 {[%emt 0:06:34] The position is equal.} 7. exd5 {[%emt 0:00:33] C45: Scotch Game.} cxd5 8. Bb5+ Bd7 9. Bxd7+ Qxd7 10. O-O Be7 11. b3 O-O 12. Bb2 Rfe8 13. Re1 Ng4 {[%emt 0:11:12] [#]} 14. Nf3 $146 ({Predecessor:} 14. Ne4 Bf8 15. Qd2 Qc6 16. Ng3 Bc5 17. Bd4 Bxd4 18. Qxd4 Nf6 19. Nf5 Qxc2 20. Ne7+ {½-½ (55) Mosadeghpour,M (2469)-Ghaem Maghami,E (2519) Sari 2022}) 14... Bf6 15. Bxf6 Rxe1+ 16. Qxe1 Nxf6 17. Rd1 {[%emt 0:04:09] A balanced but interesting game.  Weighted Error Value: White=0.00 (flawless) /Black=0.04 (flawless)} 1/2-1/2

[Event "81st Italian Championship 2022"]
[Site "Cagliari"]
[Date "2022.11.19"]
[Round "7.1"]
[White "Godena, Michele"]
[Black "Barp, Alberto"]
[Result "1-0"]
[ECO "C54"]
[WhiteElo "2463"]
[BlackElo "2412"]
[Annotator "TA"]
[PlyCount "65"]
[EventDate "2022.11.12"]
[EventType "tourn"]
[EventCountry "ITA"]
[SourceTitle "playchess.com"]
[Source "ChessBase"]
[SourceQuality "1"]
[TimeControl "40/6000+30:20/3000:900+30"]

1. e4 e5 2. Nf3 Nc6 3. Bc4 Nf6 4. d3 Bc5 5. c3 d6 6. Nbd2 h6 {[%emt 0:03:03] C54: Giuoco Piano: 4 c3 Nf6, main lines with 5 d4 and 5 d3.} 7. Nf1 O-O 8. Ng3 Bb6 {[%emt 0:06:45] White has an edge.} 9. O-O Ne7 10. h3 Ng6 11. Re1 c6 12. Bb3 d5 13. exd5 Nxd5 14. d4 exd4 15. Nxd4 Bc7 16. Ndf5 {[%emt 0:06:16] [#]} Be6 $146 {[%emt 0:13:57] [#]} (16... Qf6 $11 {and Black stays safe.} 17. Bc2 Bxf5 18. Nxf5 Rad8) ({Predecessor:} 16... Bxf5 17. Nxf5 Qf6 18. Bxd5 Qxf5 19. Bb3 Rfe8 20. Be3 Rad8 21. Qg4 Qxg4 22. hxg4 Bb6 23. Bxb6 axb6 24. Rxe8+ Rxe8 {½-½ (51) Lu,S (2619)-Utegaliev,A (2522) Chengdu 2017}) 17. Nxg7 $1 $18 Bxg3 18. Nxe6 Bxf2+ 19. Kxf2 fxe6+ 20. Kg1 Ndf4 {[%emt 0:06:42] [#]} (20... Ngf4 $142 21. Qg4+ Qg5) 21. Bxf4 (21. Qg4 $1 $18 {is more deadly. Strongly threatening Bxf4.} Kh8 22. Bc2 (22. Bxe6 Qf6 $16)) 21... Nxf4 $16 22. Bxe6+ Kg7 23. Qg4+ Qg5 24. Rad1 Rae8 25. Qxg5+ hxg5 26. Bc4 Rxe1+ 27. Rxe1 {[%emt 0:00:01][%cal Bd1e1,Be1e7,Be7a7,Ba7a6,Ba6c6][%mdl 4128] Endgame KRB-KRN} b5 28. Bf1 Rd8 29. Re7+ Kf6 30. Rxa7 Rd2 31. Ra6 Rxb2 32. Rxc6+ Ne6 $2 (32... Ke7 {was called for.} 33. Rc5 Kf6) 33. a4 {[%emt 0:01:46] Weighted Error Value: White=0.12 (very precise) /Black=0.28 (precise)} 1-0

[Event "81st Italian Championship 2022"]
[Site "Cagliari"]
[Date "2022.11.19"]
[Round "7.2"]
[White "Brunello, Sabino"]
[Black "Carnicelli, Valerio"]
[Result "1-0"]
[ECO "E94"]
[WhiteElo "2518"]
[BlackElo "2325"]
[Annotator "TA"]
[PlyCount "77"]
[EventDate "2022.11.12"]
[EventType "tourn"]
[EventCountry "ITA"]
[SourceTitle "playchess.com"]
[Source "ChessBase"]
[SourceQuality "1"]
[TimeControl "40/6000+30:20/3000:900+30"]

1. d4 Nf6 2. c4 g6 3. Nc3 Bg7 4. e4 d6 5. Be2 O-O 6. Nf3 Na6 7. O-O e5 8. Re1 Bg4 9. Be3 $1 {[%emt 0:01:32] 9.Be3 scores better than 9.d5. E94: King's Indian: Classical: 6 Be2 e5 7 0-0: Various Black 7th moves.} exd4 10. Nxd4 ({Don't play} 10. Qxd4 Nc5 11. Bg5 (11. e5 Bxf3 12. Bxf3 Nfd7 $15) 11... Re8 $15) 10... Bxe2 11. Qxe2 {[%emt 0:01:33] White has an edge.} Re8 12. f3 c6 13. Rad1 Qe7 {[%emt 0:01:04] [#]} 14. Qd2 $146 ({Predecessor:} 14. Qf2 Nd7 15. Nde2 Ne5 16. b3 Nc5 17. Bxc5 dxc5 18. f4 Ng4 19. Qf3 f5 20. e5 {½-½ (27) Gonda,L (2400)-Paschall,W (2394) Budapest 2004}) 14... Nd7 15. Kh1 Ne5 16. b3 Nc5 17. Bg5 (17. Nde2 $5 ) 17... Bf6 18. Bxf6 Qxf6 19. Nc2 Rad8 20. Ne3 a6 21. Rf1 {[%emt 0:17:55] aiming for b4.} (21. b4 $5 ) 21... g5 (21... a5 $11 {remains equal.}) 22. Ne2 $16 b5 23. cxb5 axb5 24. Nd4 Rd7 (24... Ne6 $16) 25. Qc2 $18 b4 26. Ndf5 Red8 27. g3 Qe6 28. Rd4 h5 $2 (28... f6 29. Rxb4 Kh8) 29. Rxb4 g4 30. fxg4 hxg4 31. Rf4 {[%emt 0:00:29] Threatens to win with Qc3.} Ncd3 {[%emt 0:01:21] [#]} 32. Qc3 (32. Ra4 $1 $18) 32... Kf8 $2 {[%emt 0:07:55] [#] Loses the game.} (32... Nxf4 $2 33. gxf4 f6 34. fxe5 Qxe5 35. Qd2 $18) ({Black should play} 32... Nxb4 $14 33. Rxg4+ Kf8) 33. Ra4 $1 ({Less strong is} 33. Nxg4 Nxb4 34. Qxb4 c5 $16) 33... f6 34. Rf1 {[%emt 0:01:54] And now Rd4 would win.} Rh7 $2 (34... Nc5) 35. Rd4 Nc5 {[%emt 0:03:24] [#]} 36. Rxd6 $1 Rxd6 37. Qxc5 {[%emt 0:00:07][%mdl 64] Pin. Chess con chili.} Nf7 (37... Rhd7 38. Nxd6 Nd3 39. Qxc6 Rxd6 40. Qa8+ Kf7) 38. Nxd6 Nxd6 39. e5 {[%emt 0:00:18] Weighted Error Value: White=0.23 (precise) /Black=0.60} 1-0

[Event "81st Italian Championship 2022"]
[Site "Cagliari"]
[Date "2022.11.19"]
[Round "7.3"]
[White "Basso, Pier Luigi"]
[Black "Lettieri, Giuseppe"]
[Result "1-0"]
[ECO "B76"]
[WhiteElo "2503"]
[BlackElo "2427"]
[Annotator "TA"]
[PlyCount "127"]
[EventDate "2022.11.12"]
[EventType "tourn"]
[EventCountry "ITA"]
[SourceTitle "playchess.com"]
[Source "ChessBase"]
[SourceQuality "1"]
[TimeControl "40/6000+30:20/3000:900+30"]

1. e4 c5 2. Nf3 d6 3. d4 cxd4 4. Nxd4 Nf6 5. Nc3 g6 6. Be3 Bg7 7. f3 O-O 8. Qd2 Nc6 9. O-O-O d5 10. exd5 Nxd5 11. Nxc6 bxc6 12. Bd4 Bxd4 13. Qxd4 Qb6 14. Na4 Qc7 {[%emt 0:00:08] 14...Qc7 is better than 14...Qa5. B76: Sicilian Dragon: Yugoslav Attack, 9 g4 and 9 0-0-0.} 15. g3 {[%emt 0:00:31] [#]} Nb6 $146 ({Predecessor:} 15... Rd8 16. Qc5 Be6 17. Bc4 Rd6 18. Rhe1 Rad8 19. b3 R6d7 20. Be2 Bf5 21. f4 Rb8 22. Nc3 e6 23. Bf3 h5 {½-½ (23) Kubicki,T (2490)-Benz,G (2513) ICCF email 2020}) 16. Nc3 Bf5 (16... c5 $11 17. Qe3 Bb7) 17. Qc5 $14 Qb7 18. Bd3 Bxd3 19. Rxd3 Rfd8 20. Rhd1 Rxd3 21. Rxd3 Re8 22. Qd4 {[%emt 0:11:21] White has more active pieces.} Qc8 23. Qc5 Qb7 $1 24. b3 Nd7 25. Qd4 Nf8 26. Na4 Ne6 27. Qd7 Rb8 28. Qxb7 Rxb7 {[%emt 0:00:01][%mdl 4096] Endgame KRN-KRN} 29. Kb2 Kf8 30. Rc3 Rc7 31. b4 Ke8 32. Kb3 Kd8 33. Nc5 {[%emt 0:02:51] Against Rd7} Nxc5+ 34. Rxc5 {[%emt 0:00:02] KR-KR} Kd7 35. Kc4 Kd6 (35... Kc8 $14) 36. Ra5 e5 37. Ra3 Re7 38. Rd3+ Kc7 $1 39. Kc5 Re6 {[%emt 0:00:18] Against Rd6} 40. Re3 {[%emt 0:01:30] Black is now going downhill.} f5 41. c4 h5 42. h4 Kd7 (42... Kb7 $142) 43. a4 ({White should try} 43. Ra3) 43... Ke7 (43... Kc8 $16 {is a better defense.}) 44. b5 $18 cxb5 $2 (44... Kd7 {is a better chance.} 45. b6 a5) 45. axb5 {[%emt 0:00:00] [#] And now Ra3 would win.} Kf6 46. Kd5 {[%emt 0:00:00] Threatens to win with c5.} (46. Ra3 Re7 47. Ra6+ Kf7 $18) 46... Re8 47. c5 Rd8+ (47... Rb8 $142 48. Rb3 e4 49. fxe4 Rd8+ 50. Kc6 fxe4) 48. Kc6 Ke6 49. b6 axb6 50. cxb6 Rc8+ 51. Kb5 {[%emt 0:00:00] [#] Black must now prevent b7.} Rc1 52. Ra3 e4 53. fxe4 fxe4 54. b7 Rb1+ 55. Ka6 (55. Kc6 $142 Rc1+ 56. Kb6 Rb1+ 57. Ka7 Kf7 58. b8=Q Rxb8 59. Kxb8 Kf6 60. Kc7) 55... Kd5 56. Ka7 {[%emt 0:00:00] White mates.} Kd4 57. b8=Q Rxb8 58. Kxb8 {[%emt 0:00:00] KR-K3P} ({Inferior is} 58. Ra4+ Kd3 59. Ra3+ (59. Kxb8 e3 $11) 59... Kd2 60. Ra2+ (60. Kxb8 e3 $11) 60... Kd3 61. Ra3+ (61. Kxb8 e3 $11) 61... Kd2 62. Kxb8 (62. Ra2+ Kd3 $11) 62... e3 $11) 58... e3 59. Kc7 ({And not} 59. Ra2 Kd3 60. Ra6 (60. Ra3+ Kd2 $11) 60... e2 $11) 59... e2 60. Ra1 Ke3 61. Kd6 Kf2 62. Ke5 Kxg3 63. Ke4 Kxh4 64. Kf3 {[%emt 0:00:00] Weighted Error Value: White=0.10 (very precise) /Black=0.47} 1-0

[Event "81st Italian Championship 2022"]
[Site "Cagliari"]
[Date "2022.11.19"]
[Round "7.4"]
[White "David, Alberto"]
[Black "Moroni, Luca Jr"]
[Result "0-1"]
[ECO "D35"]
[WhiteElo "2517"]
[BlackElo "2559"]
[Annotator "TA"]
[PlyCount "141"]
[EventDate "2022.11.12"]
[EventType "tourn"]
[EventCountry "ITA"]
[SourceTitle "playchess.com"]
[Source "ChessBase"]
[SourceQuality "1"]
[TimeControl "40/6000+30:20/3000:900+30"]

1. d4 d5 2. c4 e6 3. Nc3 Nf6 4. cxd5 exd5 5. Bg5 c6 6. e3 h6 7. Bh4 Be7 8. Bd3 O-O 9. Nge2 {[%emt 0:04:27] is more profitable than 9.Qc2 at the moment. D35: Queen's Gambit Declined: Exchange Variation.} Re8 10. O-O a5 11. Rc1 {[%emt 0:23:09] White has an edge.} Na6 {[%emt 0:00:44][%cal Bb8a6,Ba6c7,Bc7e6][%mdl 32] [#]} 12. Kh1 $146 ({Predecessor:} 12. a3 Nc7 13. f3 Ne6 14. Qd2 b5 15. Bf2 Ba6 16. Ng3 Qb6 17. Nce2 b4 18. axb4 axb4 {1-0 (40) Shuvalova,P (2516)-Kiolbasa,O (2399) Warsaw 2021}) 12... Nc7 13. f3 Ne6 14. Bf2 Nh5 15. Ng3 Nxg3+ 16. Bxg3 Bd6 17. Bxd6 Qxd6 18. Bb1 b6 19. Qb3 Rb8 20. Rfe1 Bd7 21. Rcd1 Ng5 22. a3 Re7 23. Qc2 g6 (23... f5 {seems wilder.} 24. Na4 f4 25. h4 Nf7) 24. Qf2 f5 25. Ne2 Rbe8 26. Nf4 Nf7 27. Ba2 Bc8 28. Kg1 g5 29. Nd3 Ba6 30. Bb1 f4 31. exf4 Bxd3 (31... Rxe1+ {simplifies} 32. Rxe1 Rxe1+ 33. Qxe1 Bxd3 34. Bxd3 Qxf4 35. Qc3 Qe3+) 32. Rxe7 Rxe7 33. Bxd3 gxf4 34. Qh4 Kf8 35. Kf2 Ng5 36. Qg4 Qf6 37. Bf5 Rf7 38. Bc8 Re7 (38... Qe7 $2 39. Re1 Qf6 40. Re5 $18) 39. Qf5 Kg7 40. Qxf6+ Kxf6 $11 {[%emt 0:00:03][%mdl 4096] Endgame KRB-KRN} 41. Rc1 Rc7 42. Bg4 c5 43. g3 Ne6 44. Bxe6 Kxe6 {[%emt 0:03:47] KR-KR} 45. g4 Kd6 46. h4 c4 (46... cxd4 $2 47. Rxc7 Kxc7 48. g5 hxg5 49. h5 $18) 47. a4 (47. Ke1 $11) 47... Rb7 ({Black should try} 47... b5 $1 $17 ) 48. Re1 (48. Ra1 $11) 48... b5 $1 $17 49. axb5 Rxb5 50. Re2 Rb7 51. Kf1 a4 {[%emt 0:01:48][%cal Oc4c3] Hoping for ...c3!} 52. g5 hxg5 53. hxg5 Re7 (53... Rb3 $1 $19 54. Kf2 Rb7) 54. Rh2 Re3 55. Rh6+ Ke7 (55... Kd7 $17 56. Ra6 Rxf3+ 57. Ke2 Re3+ 58. Kf2 a3 59. bxa3 Rg3) 56. Kg2 (56. Ra6 $15) 56... Rb3 57. Kh3 Rxb2 58. Kg4 a3 $2 (58... c3 $19 59. Rh7+ Kd6 60. Rh6+ Kd7 61. Rh7+ Kc6) 59. Rh7+ $2 (59. Ra6 $1 $11) 59... Kd6 $19 60. Ra7 a2 {[%emt 0:00:05] aiming for ...c3.} 61. g6 {[%emt 0:10:08] [#]} Rg2+ $1 62. Kf5 $2 (62. Kxf4 c3 63. Kf5) 62... Kc6 ({Not} 62... c3 63. g7 $15) 63. g7 {[%emt 0:06:53] [#]} Rxg7 $3 64. Rxa2 Kb5 65. Ke5 Rd7 (65... c3 $142 66. Kxd5 Re7 67. Ra1 c2 68. Kd6 Re2 69. Rc1 Kc4 70. d5 Kc3 71. Rh1 Re3 72. Rf1 Kd2 73. Kc5 {[#]} Rxf3 $3 74. Rxf3 c1=Q+ 75. Kd6 Ke2 76. Rh3 f3 77. Rh2+ Kd3 78. Rh3 Qf4+ 79. Kc6 Qf5 80. Rh1 f2 81. Rd1+ Ke2 82. Rh1 Qe4 83. Rc1 Qa4+ 84. Kb7 Qd7+ 85. Kb6 Qd6+ 86. Kb5 f1=Q 87. Rxf1 Qxd5+ 88. Kb6 Kxf1 89. Ka6 Ke2 90. Kb6 Kd3 91. Ka7 Kc4 92. Ka6 Qd7 93. Kb6 Kb4 94. Ka6 Kc5 95. Ka5 Qb5#) 66. Ra8 c3 {[%emt 0:02:13] Black mates.} 67. Rc8 Kb4 68. Ke6 Rh7 69. Kxd5 Re7 70. Rb8+ Ka3 71. Rc8 {[%emt 0:01:08] Weighted Error Value: White=0.28 (precise) /Black=0.21 (precise)} 0-1